AoeStats
← santyguasta

African Clearing

510450448Analyzed
2v2 RM · 9h ago on Oct 1, 2026· 23m 3s· 4 players
Game mode
Random Map
Map size
Medium (4 player)
Population
200
Speed
Normal
Resources
Standard
Victory
Conquest
Starting age
Dark Age
Ending age
Imperial Age
RankedLock teamsTeams togetherTeam positionsShared explorationLock speedFull tech treeHidden civsTurbo modeCheats
Victory
Defeat
🇨🇳 Spanish · China
714
+6
🇺🇸 Magyars · United States
499
+12
🇦🇷 Huns · Argentina
447
-10
🇦🇷 Vietnamese · Argentina
421
-8
juanmateus
5:21 Loom
20:35 Feudal Age
21:03 Double-Bit Axe
21:01 Horse Collar
22:00 Wheelbarrow
21:42 Man-at-Arms
令饼作呕
13:48 Feudal Age
14:54 Double-Bit Axe
14:53 Horse Collar
14:35 Man-at-Arms
15:44 Loom
15:49 Arson
16:26 Forging
16:16 Scale Mail Armor
23:52 Castle Age
Ceroleni
14:35 Feudal Age
15:15 Double-Bit Axe
santyguasta
15:12 Feudal Age
15:37 Double-Bit Axe
21:59 Wheelbarrow
Connection lost

Rejoining the realm…

Still unreachable

The connection could not be restored.

Session expired

The server has moved on; the page needs a fresh start.